 Dungeon Crawl Stone Soup version 0.19-a0-1398-g1264885 (webtiles) character file.

23 Redz the Skirmisher (level 3, 0/20 HPs)
             Began as a Vine Stalker Abyssal Knight on Sept 3, 2016.
             Was a Follower of Lugonu.
             Succumbed to a kobold's poison
             ... on level 1 of the Dungeon.
             The game lasted 00:01:17 (270 turns).

Redz the Skirmisher (Vine Stalker Abyssal Knight)    Turns: 270, Time: 00:01:17

Health: 0/20       AC:  3    Str: 14    XL:     3   Next: 0%
Magic:  4/5        EV: 11    Int: 13    God:    Lugonu [*.....]
Gold:   27         SH:  0    Dex: 13    Spells: 0 memorised, 2 levels left

rFire  . . .     SeeInvis .     a - +1 falchion
rCold  . . .     Gourm    .     b - +0 leather armour
rNeg   . . .     Faith    .     (no shield)
rPois  .         Spirit   +     (no helmet)
rElec  .         Dismiss  .     (no cloak)
rCorr  .         Reflect  .     (no gloves)
MR     .....     Harm     .     (no boots)
Stlth  +.........               (no amulet)
                                (no ring)
                                (no ring)

@: lethally poisoned (0 -> -18)
A: fangs 2, magic shield, antimagic bite, no device heal 3, rot immunity
a: Depart the Abyss, Renounce Religion


You were on level 1 of the Dungeon.
You worshipped Lugonu.
Lugonu was aware of your devotion.
You were not hungry.

You visited 1 branch of the dungeon, and saw 1 of its levels.
You visited the Abyss 1 time.

You collected 27 gold pieces.

Inventory:

Hand Weapons
 a - a +1 falchion (weapon)
Armour
 b - a +0 leather armour (worn)
Scrolls
 f - a scroll of teleportation {unknown}
 g - a scroll of enchant armour {unknown}
Potions
 e - a potion of heal wounds {unknown}
 j - a potion of curing {unknown}
Comestibles
 c - a bread ration
 d - 5 chunks of flesh
 h - a beef jerky
 i - a slice of pizza
 k - a royal jelly


   Skills:
 * Level 3.1 Fighting
 * Level 2.1 Long Blades
 + Level 1.7 Armour
 + Level 1.0 Dodging
 + Level 0.6 Stealth
 + Level 1.8 Invocations


You had 2 spell levels left.
You didn't know any spells.

Dungeon Overview and Level Annotations

Branches:
Dungeon (1/15)

Altars:


Innate Abilities, Weirdness & Mutations

You have extremely sharp teeth.
When hurt, damage is shared between your health and your magic reserves.
Your bite disrupts and absorbs the magic of your enemies.
Potions and wands cannot restore your health.
You are immune to rotting.


Message History

Increase (S)trength, (I)ntelligence, or (D)exterity?
You feel clever.
You see here a hobgoblin corpse.
A kobold comes into view. It is wielding a dagger of venom.
Found 9 gold pieces.
The kobold shouts!
You completely miss the kobold.
The kobold hits you with a dagger of venom.
You are poisoned.
The kobold hits you with a dagger of venom.
You are more poisoned.
You completely miss the kobold.
* * * LOW HITPOINT WARNING * * *
You feel sick. The kobold hits you but does no damage.
* * * LOW HITPOINT WARNING * * *
You feel sick.
* * * LOW HITPOINT WARNING * * *
You feel sick.
You barely miss the kobold. You bite the kobold, but do no damage.
You die...

#########
........# ###
#######.#
#.###########
..#####'##
#....@K....$#
..##.....#
#.#########.#
..##.....# #.#
..##.....###†#
....###...##.#
..#.#.....##.#
.........>##.##
..#.#.........#
..#.###.......#


You could see a kobold.

Vanquished Creatures
  2 dart slugs (D:1)
  A giant gecko (D:1)
  3 goblins (D:1)
  3 hobgoblins (D:1)
  3 bats (D:1)
  A giant newt (D:1)
  A kobold (D:1)
  4 rats (D:1)
18 creatures vanquished.

Notes
Turn   | Place    | Note
-------+----------+-------------------------------------------
     0 | Abyss:1  | Redz the Vine Stalker Abyssal Knight began the quest for the Orb.
     0 | Abyss:1  | Reached XP level 1. HP: 11/11 MP: 3/3
     6 | D:1      | Escaped the Abyss
   116 | D:1      | Reached skill level 1 in Dodging
   116 | D:1      | Reached XP level 2. HP: 13/16 MP: 4/4
   121 | D:1      | Reached skill level 3 in Fighting
   256 | D:1      | Reached XP level 3. HP: 11/20 MP: 5/5
   270 | D:1      | Succumbed to a kobold's poison

Vault maps used:
D:1:      dpeg_arrival_boxorama
Abyss:1:  hangedman_abyss_river_spirits

Skill      XL: |  1  2 |
---------------+-------+-----
Dodging        | 1 |  1.0
Fighting       | 3 |  3.1
Long Blades    | 2 |  2.1
Armour         | |  1.7
Stealth        | |  0.6
Invocations    | |  1.8

Action                   || total
-------------------------++-------
Melee: Falchion          ||    58
       Bite              ||    13
Armor: Leather armour    ||    21
Dodge: Dodged            ||    31
